 Dungeon Crawl Stone Soup version 0.24.0-13-gcf9b3192b9 (webtiles) character file.

Game seed: 17258173072165693559, levelgen mode: deterministic

185 mopl the Poker (level 5, -6/35 HPs)
             Began as a Merfolk Necromancer on Nov 7, 2019.
             Killed by divine providence
             ... invoked by an orc priest
              (13 damage)
             ... on level 4 of the Dungeon.
             The game lasted 00:05:18 (4059 turns).

mopl the Poker (Merfolk Necromancer)                Turns: 4059, Time: 00:05:18

Health: -6/35      AC:  2    Str:  9    XL:     5   Next: 64%
Magic:  5/9        EV: 13    Int: 14    God:
Gold:   142        SH:  0    Dex: 15    Spells: 3/10 levels left

rFire    . . .     SeeInvis .   a - +0 spear
rCold    . . .     Gourm    .   (no shield)
rNeg     . . .     Faith    .   n - +0 robe
rPois    .         Spirit   .   (no helmet)
rElec    .         Reflect  .   (no cloak)
rCorr    +         Harm     .   (no gloves)
MR       .....                  (no boots)
Stlth    ++........             (no amulet)
HPRegen  0.11/turn              p - ring of resist corrosion
MPRegen  0.11/turn              (no ring)

@: no status effects
A: change form in water, swift swim, stealthy swim
a: no special abilities


You were on level 4 of the Dungeon.
You were near starving.

You visited 1 branch of the dungeon, and saw 4 of its levels.

You collected 142 gold pieces.

Inventory:

Hand Weapons
 a - a +0 spear (weapon)
Missiles
 h - 24 poisoned darts (quivered)
Armour
 m - a +0 ring mail
 n - a +0 robe (worn)
Jewellery
 p - a ring of resist corrosion (left hand)
Scrolls
 b - 3 scrolls of identify {unknown}
 g - 4 scrolls of teleportation {unknown}
 i - a scroll of remove curse {unknown}
 k - a scroll of amnesia {unknown}
 s - a scroll of immolation {unknown}
Potions
 d - 2 potions of ambrosia {unknown}
 e - a potion of brilliance {unknown}
 f - a potion of lignification {unknown}
 j - a potion of heal wounds {unknown}
 l - a potion of curing {unknown}
 o - 3 potions of invisibility {unknown}
 q - a potion of flight {unknown}
 r - a potion of magic {unknown}
Comestibles
 c - 9 rations


   Skills:
 * Level 4.8 Polearms
 - Level 2.6 Dodging
 - Level 2.1 Stealth
 - Level 3.0 Spellcasting
 + Level 4.1 Necromancy


You had 3 spell levels left.
You knew the following spells:

 Your Spells              Type           Power        Failure   Level  Hunger
a - Pain                  Necr           ##..         3%          1    #......
b - Vampiric Draining     Necr           ##........   12%         3    ###....
r - Regeneration          Chrm/Necr      #.........   26%         3    ###....

Your spell library contained the following spells:

 Spells                   Type           Power        Failure   Level  Hunger
 Animate Skeleton         Necr           N/A          3%          1    #......
 Animate Dead             Necr           N/A          36%         4    #####..


Dungeon Overview and Level Annotations

Branches:
Dungeon (4/15)
 Temple: D:4-7

Altars:
Okawaru
Uskayaw
Vehumet
Xom
The Shining One


Message History

Aim: an orc priest, wielding a +0 flail (moderately wounded, chance to defeat MR: 70%)
The orc priest writhes in agony.
Casting: Pain (safe; 3% risk of failure)
Confirm with . or Enter, or press ? or * to list all spells.
Aiming: Pain (safe; 3% risk of failure)
Press: ? - help, Shift-Dir - straight line, f/p - orc priest
Aim: an orc priest, wielding a +0 flail (heavily wounded, chance to defeat MR: 70%)
The orc priest writhes in agony.
The orc priest mumbles some strange prayers to Beogh against you.
Pain shoots through your body!
* * * LOW HITPOINT WARNING * * *
Casting: Pain (safe; 3% risk of failure)
Confirm with . or Enter, or press ? or * to list all spells.
Aiming: Pain (safe; 3% risk of failure)
Press: ? - help, Shift-Dir - straight line, f/p - orc priest
Aim: an orc priest, wielding a +0 flail (severely wounded, chance to defeat MR: 70%)
The orc priest writhes in agony.
The orc priest calls down the wrath of Beogh upon you.
Beogh smites you!
You die...

##)##.# #..<#.#
#####.#
#...######
#.##........#
.........>....###
.....#...........
###..#.##.##'###.
....(.o@...#.#
##.#(#o##.## #
#... .... #...
......
#..###.##### #.!
#.# ... #.# #...
.#


You could see an orc priest and an orc.

Vanquished Creatures
  A centaur skeleton (D:3)
  An orc wizard (D:4)
  Terence (D:2)
  4 adders
  2 worms
  2 dart slugs (D:2)
  A leopard gecko (D:1)
  An orc (D:3)
  7 bats
  9 giant cockroaches
  3 goblins
  6 hobgoblins
  3 jackals (D:3)
  4 kobolds
  A quokka (D:3)
  4 frilled lizards
  A leopard gecko skeleton (D:2)
  6 rats
57 creatures vanquished.

Vanquished Creatures (others)
  A kobold (D:2)
1 creature vanquished.

Grand Total: 58 creatures vanquished

Notes
Turn   | Place    | Note
-------+----------+-------------------------------------------
     0 | D:1      | mopl the Merfolk Necromancer began the quest for the Orb.
     0 | D:1      | Reached XP level 1. HP: 13/13 MP: 3/3
   375 | D:1      | Reached XP level 2. HP: 13/19 MP: 0/5
   768 | D:2      | Found an iron altar of Okawaru.
   803 | D:2      | Noticed Terence
   831 | D:2      | Reached XP level 3. HP: 19/24 MP: 2/6
   846 | D:2      | Found a radiant altar of Vehumet.
   913 | D:2      | Reached skill level 1 in Polearms
  1153 | D:2      | Learned a level 3 spell: Regeneration
  1495 | D:2      | Found a hide-covered altar of Uskayaw.
  1509 | D:2      | You fall into a shaft and drop 1 floor!
  1648 | D:3      | Found a shimmering altar of Xom.
  1751 | D:3      | Reached XP level 4. HP: 26/30 MP: 8/8
  2216 | D:3      | Found a glowing golden altar of the Shining One.
  2944 | D:2      | Killed Terence
  2944 | D:2      | Reached XP level 5. HP: 29/35 MP: 3/9
  3674 | D:4      | Noticed a phantom
  3742 | D:3      | Learned a level 3 spell: Vampiric Draining
  4059 | D:4      | Killed from afar by an orc priest

Levels and vault maps discovered:
D:1:      psy_arrival_radial02, layout_basic, grunt_decor_arrowhead
D:2:      kennysheep_big_flooded_room, layout_basic,
          nicolae_overflow_crystal_walls, fiery_altar_vehumet,
          okawaru_ov_weapons_minmay, first_ration, uniq_terence
D:3:      layout_loops_corners, marbit_many_paths, old_standard_altar
D:4:      layout_basic, minmay_temple_entry_statues_fountains

Skill      XL: |  1  2  3  4  5 |
---------------+----------------+-----
Polearms       | 2 3 4 |  4.8
Spellcasting   | 3 |  3.0
Necromancy     | 4 |  4.1
Dodging        | |  2.6
Stealth        | |  2.1

Action                   |  1- 3 |  4- 6 || total
-------------------------+-------+-------++-------
Melee: Spear             |    54 |   126 ||   180
Throw: Dart              |    25 |    11 ||    36
 Cast: Pain              |    34 |    23 ||    57
       Vampiric Draining |       |     1 ||     1
 Stab: Sleeping          |     3 |     8 ||    11
  Eat: Chunk             |     3 |     6 ||     9
Armor: Robe              |     7 |    15 ||    22
Dodge: Dodged            |    36 |    76 ||   112
